 Dungeon Crawl Stone Soup version 0.23-a0-119-ga86c9e7 (webtiles) character file.

342207 emperorscorpion the Hoplite (level 22, -10/142 HPs)
             Began as a Gargoyle Fighter on Aug 23, 2018.
             Was the Champion of Zin.
             Killed from afar by a hell knight (37 damage)
             ... with a bolt of fire
             ... led by Margery
             ... on level 3 of the Depths on Aug 24, 2018.
             The game lasted 02:18:19 (50345 turns).

emperorscorpion the Hoplite (Gargoyle Fighter)     Turns: 50345, Time: 02:18:20

Health: -10/142    AC: 42    Str: 28    XL:     22   Next: 36%
Magic:  36/36      EV: 15    Int: 16    God:    Zin [******]
Gold:   1138       SH: 30    Dex: 11    Spells: 23/23 levels left

rFire    . . .     SeeInvis .   b - +9 trishula (holy)
rCold    + . .     Gourm    .   U - +4 large shield of Zompis {Int+2}
rNeg     + + +     Faith    .   N - +1 plate armour of Whack-A-Mole {rN+ MP+9 Int+2}
rPois    ∞         Spirit   .   S - +2 hat {Int+3}
rElec    +         Reflect  .   Q - +0 cloak
rCorr    .         Harm     .   r - +0 pair of gloves
MR       ++++.     Clarity  +   n - +2 pair of boots
Stlth    ..........             G - amulet of the Four Winds {rN+ MR+++ Clar}
HPRegen  0.33/turn              p - +4 ring of evasion
MPRegen  0.25/turn              B - ring of protection from cold

@: flying
A: big wings, negative energy resistance 1, electricity resistance, unbreathing,
petrification resistance, rot immunity, AC +16
}: 1/15 runes: serpentine
a: Stop Flying, Recite, Vitalisation, Imprison, Sanctuary, Donate Gold, Renounce
Religion


You were on level 3 of the Depths.
You worshipped Zin.
Zin was exalted by your worship.
You were very hungry.

You visited 9 branches of the dungeon, and saw 36 of its levels.
You visited the Abyss 1 time.
You also visited: Sewer, Volcano and Wizlab.

You collected 4039 gold pieces.
You spent 2589 gold pieces at shops.
You donated 312 gold pieces to Zin.

Inventory:

Hand Weapons
 a - a +3 broad axe of freezing
 b - a +9 trishula of holy wrath (weapon)
 Z - a +0 blowgun
Missiles
 l - a throwing net (quivered)
 t - 13 poisoned needles
 y - a silver javelin
 A - 6 javelins
Armour
 k - a scarf of cloud immunity
 n - a +2 pair of boots (worn)
 r - a +0 pair of gloves (worn)
 N - the +1 plate armour of Whack-A-Mole (worn) {rN+ MP+9 Int+2}
   (You bought it in a shop on level 10 of the Dungeon)

   It affects your intelligence (+2).
   It protects you from negative energy.
   It affects your magic capacity (+9).
 Q - a +0 cloak (worn)
 S - a +2 hat of intelligence (worn)
 U - the +4 large shield of Zompis (worn) {Int+2}
   (You bought it in a shop on level 10 of the Dungeon)

   It affects your intelligence (+2).
Jewellery
 m - an uncursed ring of see invisible
 p - a +4 ring of evasion (left hand)
 B - a ring of protection from cold (right hand)
 G - the amulet of the Four Winds (around neck) {rN+ MR+++ Clar}
   (You took it off a deep elf death mage on level 3 of the Elven Halls)

   [amulet of nothing]

   It protects you from negative energy.
   It affects your resistance to hostile enchantments.
   It protects you against confusion.
 I - an uncursed ring of resist corrosion
Wands
 c - a wand of disintegration (14)
 u - a wand of digging (1)
 E - a wand of iceblast (61)
Scrolls
 h - 4 scrolls of holy word
 i - 4 scrolls of identify
 o - 3 scrolls of immolation
 q - 5 scrolls of fog
 w - 12 scrolls of remove curse
 x - 9 scrolls of magic mapping
 z - 5 scrolls of blinking
 H - 8 scrolls of teleportation
 L - 9 scrolls of enchant armour
 O - a scroll of silence
 X - 2 scrolls of fear
Potions
 d - 10 potions of might
 e - 3 potions of resistance
 j - 4 potions of berserk rage
 v - 13 potions of curing
 C - 8 potions of haste
 J - 5 potions of heal wounds
 K - 4 potions of agility
 P - 2 potions of cancellation
 T - 3 potions of brilliance
Miscellaneous
 g - a fan of gales
 s - a lightning rod (4/4)
 D - 2 phantom mirrors
 M - a phial of floods (inert)
 W - a lamp of fire
 Y - a sack of spiders
Comestibles
 f - 41 rations


   Skills:
 + Level 16.1 Fighting
 - Level 16.2(17.0) Axes
 - Level 9.6(14.0) Polearms
 + Level 2.5 Throwing
 + Level 12.5 Armour
 + Level 7.2 Dodging
 - Level 2.0 Stealth
 - Level 25.0 Shields
 + Level 1.2 Unarmed Combat
 + Level 1.1 Spellcasting
 + Level 7.7 Invocations
 + Level 2.0 Evocations


You had 23 spell levels left.
You didn't know any spells.
Your spell library contained the following spells:

 Spells                   Type           Power        Failure   Level  Hunger
 Animate Skeleton         Necr           N/A          85%         1    ##.....
 Apportation              Tloc           #.....       85%         1    ##.....
 Confusing Touch          Hex            #.....       85%         1    ##.....
 Corona                   Hex            #......      85%         1    ##.....
 Flame Tongue             Conj/Fire      #....        85%         1    ##.....
 Freeze                   Ice            #...         85%         1    ##.....
 Magic Dart               Conj           #...         85%         1    ##.....
 Pain                     Necr           #...         85%         1    ##.....
 Shock                    Conj/Air       #...         85%         1    ##.....
 Sting                    Conj/Pois      #...         85%         1    ##.....
 Summon Small Mammal      Summ           #...         85%         1    ##.....
 Blink                    Tloc           N/A          94%         2    ###....
 Call Imp                 Summ           #.......     94%         2    ###....
 Corpse Rot               Necr           N/A          94%         2    ###....
 Ensorcelled Hibernation  Hex/Ice        #.....       94%         2    ###....
 Poisonous Vapours        Pois/Air       #.....       94%         2    ###....
 Searing Ray              Conj           #.....       94%         2    ###....
 Shroud of Golubria       Chrm/Tloc      #.........   94%         2    ###....
 Slow                     Hex            #.......     94%         2    ###....
 Swiftness                Chrm/Air       #.......     94%         2    ###....
 Throw Flame              Conj/Fire      #.....       94%         2    ###....
 Throw Frost              Conj/Ice       #.....       94%         2    ###....
 Confuse                  Hex            #.......     99%         3    ####...
 Conjure Flame            Conj/Fire      #.......     99%         3    ####...
 Dazzling Spray           Conj/Hex       #.....       99%         3    ####...
 Gell's Gravitas          Tloc           #.........   99%         3    ####...
 Inner Flame              Hex/Fire       #.......     99%         3    ####...
 Mephitic Cloud           Conj/Pois/Air  #.......     99%         3    ####...
 Ozocubu's Armour         Chrm/Ice       #.......     99%         3    ####...
 Portal Projectile        Hex/Tloc       #.....       99%         3    ####...
 Recall                   Summ/Tloc      N/A          99%         3    ####...
 Animate Dead             Necr           N/A          100%        4    #####..
 Cause Fear               Hex            #.........   100%        4    #####..
 Force Lance              Conj/Tloc      #.......     100%        4    #####..
 Fulminant Prism          Conj/Hex       #.........   100%        4    #####..
 Ice Form                 Ice/Tmut       #.......     100%        4    #####..
 Iskenderun's Mystic Bla  Conj           #.......     100%        4    #####..
 Leda's Liquefaction      Hex/Erth       #.........   100%        4    #####..
 Olgreb's Toxic Radiance  Pois           #.......     100%        4    #####..
 Petrify                  Tmut/Erth      #.......     100%        4    #####..
 Sticky Flame             Conj/Fire      #.......     100%        4    #####..
 Summon Lightning Spire   Summ/Air       #.......     100%        4    #####..
 Agony                    Necr           #.......     100%        5    ######.
 Aura of Abjuration       Summ           #.........   100%        5    ######.
 Bolt of Draining         Conj/Necr      #.........   100%        5    ######.
 Borgnjor's Vile Clutch   Necr/Erth      #.........   100%        5    ######.
 Dispel Undead            Necr           #.......     100%        5    ######.
 Excruciating Wounds      Chrm/Necr      #.........   100%        5    ######.
 Fireball                 Conj/Fire      #.........   100%        5    ######.
 Irradiate                Conj/Tmut      #.........   100%        5    ######.
 Lightning Bolt           Conj/Air       #.........   100%        5    ######.
 Metabolic Englaciation   Hex/Ice        #.........   100%        5    ######.
 Summon Demon             Summ           #.........   100%        5    ######.
 Summon Forest            Summ/Tloc      #.........   100%        5    ######.
 Summon Mana Viper        Hex/Summ       #.......     100%        5    ######.
 Venom Bolt               Conj/Pois      #.........   100%        5    ######.
 Yara's Violent Unravell  Hex/Tmut       #.........   100%        5    ######.
 Bolt of Cold             Conj/Ice       #.........   100%        6    #######
 Death Channel            Necr           #.........   100%        6    #######
 Deflect Missiles         Chrm/Air       #.........   100%        6    #######
 Dispersal                Tloc           #.........   100%        6    #######
 Freezing Cloud           Conj/Ice/Air   #.........   100%        6    #######
 Hydra Form               Tmut           #.........   100%        6    #######
 Shadow Creatures         Summ           N/A          100%        6    #######
 Simulacrum               Ice/Necr       #.........   100%        6    #######
 Dragon Form              Tmut           #.........   100%        7    #######
 Ring of Flames           Chrm/Fire      #.........   100%        7    #######
 Spellforged Servitor     Conj/Summ      #.........   100%        7    #######
 Sublimation of Blood     Necr           Unusable     N/A         2    N/A
 Statue Form              Tmut/Erth      Unusable     N/A         6    N/A

Dungeon Overview and Level Annotations

Branches:
Dungeon (15/15)            Temple (1/1) D:6            Lair (5/6) D:10
  Swamp (1/4) Lair:4        Snake (4/4) Lair:4          Orc (2/2) D:12
    Elf (3/3) Orc:2        Vaults (2/5) D:14         Depths (3/5) D:15
  Slime: Lair:5-6     Crypt: Vaults:2-3

Altars:
Ashenzari
Cheibriados
Dithmenos
Elyvilon
Fedhas
Gozag
Hepliaklqana
Kikubaaqudgha
Makhleb
Nemelex Xobeh
Okawaru
Qazlal
Ru
Sif Muna
Trog
Uskayaw
Vehumet
Wu Jian
Xom
Yredelemnul
Zin
The Shining One
Beogh

Shops:
D:10 [   D:13 *   D:14 *   D:15 (   Orc:1 [?   Orc:2 [=}(   Snake:4 }==
Vaults:2 [

Portals:
Hell: Depths:1 Depths:2
Abyss: Depths:2
Pandemonium: Depths:2
Ziggurat: Depths:1

Annotations:
D:11 exclusion: 3 doors


Innate Abilities, Weirdness & Mutations

You are resistant to torment.
Your stone body is resilient. (AC +16)
You are immune to poison.
Your large and strong wings let you fly indefinitely.
You resist negative energy. (rN+)
You are resistant to electric shocks. (rElec)
You can survive without breathing.
You are immune to petrification.
You are immune to rotting.


Message History

The fire giant is severely wounded.
The tengu warrior is lost in a daze.
You impale the fire giant!!
The fire giant is almost dead.
The fire giant points at you and mumbles some strange words.
The fireball explodes!
The fireball engulfs you!
* * * LOW HITPOINT WARNING * * *
The fireball engulfs the fire giant.
The fire giant resists.
The fire giant dies!
The hell knight points at you and mumbles some strange words.
The bolt of fire hits the tengu warrior.
The tengu warrior resists.
The bolt of fire hits you!
* * * LOW HITPOINT WARNING * * *
Unknown command.
The tengu warrior's soul is no longer bound.
The hell knight casts a spell at you.
The bolt of fire hits the hell knight.
The hell knight completely resists.
The bolt of fire hits the tengu warrior.
The tengu warrior resists.
The bolt of fire hits you!
You die...

....+
#..#
....#
#..#
##..#
#..# ..#
#.{# .#
#.p# ##
##p# #)#
#Q# #@#
........#
#########


You could see 2 hell knights and a tengu warrior (dazed).

Vanquished Creatures
  A juggernaut (Depths:3)
  Margery (Depths:3)
  A Cloud Mage (WizLab)
  5 deep elf blademasters
  A titan (Depths:1)
  2 deep elf master archers (Elf:3)
  A tengu reaver (Depths:1)
  A tentacled starspawn (Abyss:2)
  5 sphinxes
  Kirke (Snake:3)
  The ghost of galech the Severer, an adept DsBe of Trog (Depths:1)
  Agnes (Elf:1)
  7 nagarajas (Snake:4)
  5 deep elf sorcerers (Elf:3)
  2 frost giants
  A fire giant (Depths:1)
  3 vault wardens
  7 deep elf elementalists (Elf:3)
  8 very ugly things
  Louise (D:14)
  2 angels
  2 ironheart preservers
  9 stone giants
  A deep elf demonologist (Elf:3)
  Nessos (D:15)
  A starcursed mass (Abyss:2)
  7 deep elf annihilators (Elf:3)
  An ettin (shapeshifter) (Elf:2)
  4 blizzard demons (WizLab)
  5 ettins
  8 deep elf death magi
  Josephine (Lair:4)
  5 yaktaur captains
  A merfolk javelineer (Depths:2)
  2 merfolk impalers (Depths:2)
  3 fire dragons
  6 deep elf high priests (Elf:3)
  6 vault guards
  13 naga warriors
  4 great orbs of eyes
  2 rakshasas
  2 ice dragons (Depths:1)
  8 centaur warriors
  3 ghost crabs (WizLab)
  A hell beast (Depths:2)
  11 hydras
  8 anacondas
  4 deep troll shamans
  39 two-headed ogres
  7 deep troll earth magi
  A hell hog (Depths:1)
  27 dancing weapons
  Urug (Lair:3)
  9 ogre magi
  5 tengu warriors
  The ghost of vineage the Cleaver, a novice FoFi of Okawaru (D:8)
  4 death yaks (Lair:4)
  3 shock serpents
  Sonja (Lair:5)
  10 naga sharpshooters
  15 deep elf knights
  Nergalle (Lair:4)
  A salamander mystic (Snake:3)
  3 shadow wraiths (Depths:2)
  A sea snake (Snake:1)
  An iron troll (Depths:1)
  2 hell knights
  4 unseen horrors
  16 deep trolls
  A glowing orange brain (Vaults:1)
  4 death drakes (WizLab)
  2 wizards (Vaults:1)
  13 orc knights
  3 naga ritualists (Snake:4)
  6 flayed ghosts
  9 deep elf archers
  8 phantasmal warriors (Depths:2)
  2 necromancers (Elf:1)
  7 large abominations
  41 deep elf magi
  2 manticores (Depths:2)
  2 ironbrand convokers (Vaults:1)
  A faun (shapeshifter) (D:15)
  24 ugly things
  2 orc sorcerers
  5 mana vipers
  A wolf spider (shapeshifter) (Abyss:2)
  6 cyclopes
  10 salamanders
  A shock serpent zombie (Abyss:2)
  Joseph (D:8)
  Maurice (Orc:1)
  6 apocalypse crabs
  24 black mambas
  4 guardian serpents
  35 naga magi
  A smoke demon (Abyss:2)
  10 spiny frogs
  A spiny frog (shapeshifter) (Elf:3)
  3 vault sentinels
  A rime drake (Lair:4)
  3 kobold demonologists
  16 yaktaurs
  2 efreet
  2 freezing wraiths
  3 komodo dragons
  A yaktaur (shapeshifter) (Vaults:1)
  A troll (D:13)
  6 meliai
  6 tengu conjurers
  An ancient zyme (Abyss:2)
  3 tyrant leeches (Swamp:1)
  12 blink frogs
  A hornet (Lair:4)
  A wind drake (shapeshifter) (Vaults:1)
  4 wind drakes (WizLab)
  4 bog bodies (Lair:4)
  3 raiju (Abyss:2)
  8 hippogriffs
  13 slime creatures
  A centaur simulacrum (D:15)
  10 wraiths
  12 air elementals
  2 shadows
  2 wyverns (D:15)
  Sigmund (D:2)
  A ynoxinul (Abyss:2)
  2 fire elementals
  11 water elementals
  Grum (D:9)
  24 yaks
  3 vampire mosquitoes
  A fire bat (Volcano)
  3 golden eyes (Abyss:2)
  A basilisk (shapeshifter) (Depths:1)
  A neqoxec (Abyss:2)
  A steam dragon (D:11)
  4 basilisks
  A yaktaur simulacrum (Vaults:1)
  2 hungry ghosts
  Edmund (D:4)
  5 swamp worms
  9 wargs
  An acid dragon (D:13)
  50 nagas
  5 insubstantial wisps (Swamp:1)
  A water moccasin (shapeshifter) (D:15)
  10 water moccasins
  5 ice beasts
  50 orc warriors
  13 hell hounds
  13 porcupines
  5 black bears
  2 sky beasts (D:9)
  4 small abominations (Abyss:2)
  2 necrophages
  2 eyes of draining
  An ogre (shapeshifter) (Depths:1)
  21 boggarts
  9 wolves
  26 centaurs
  23 ogres
  7 crocodiles
  4 big kobolds
  4 elf zombies
  4 earth elementals
  11 bullfrogs
  2 gnoll sergeants
  An ogre simulacrum (Vaults:1)
  A wyvern skeleton (D:12)
  3 scorpions
  A water moccasin skeleton (D:7)
  A hornet simulacrum (D:14)
  6 electric eels
  A wight (D:9)
  4 howler monkeys
  6 crimson imps
  A troll skeleton (D:9)
  A quasit (D:15)
  4 centaur zombies
  A hound (D:9)
  2 bullfrog skeletons
  6 jellies
  4 centaur skeletons
  3 human zombies (D:9)
  14 orc priests
  2 human skeletons (D:9)
  29 orc wizards
  4 iguanas
  10 worker ants
  A killer bee zombie (D:9)
  A hound zombie (D:11)
  2 mummies (D:9)
  2 worker ant zombies
  11 adders
  12 gnolls
  2 river rats (D:3)
  8 shadow imps
  12 white imps
  9 oozes
  An adder skeleton (D:5)
  4 worms
  2 dart slugs (D:1)
  10 leopard geckos
  112 orcs
  17 bats
  7 giant cockroaches
  10 goblins
  6 hobgoblins
  19 jackals
  8 quokkas
  3 ball pythons
  A ball python skeleton (D:6)
  6 frilled lizards
  17 kobolds
  A leopard gecko skeleton (D:4)
  A quokka zombie (D:5)
  7 rats
  3 fungi
1429 creatures vanquished.

Vanquished Creatures (collateral kills)
  Nikola (Vaults:1)
1 creature vanquished.

Vanquished Creatures (others)
  A fire giant (Depths:3)
  A spriggan air mage (WizLab)
  2 two-headed ogres
  An alligator (Swamp:1)
  A naga sharpshooter (Snake:4)
  A centaur zombie (D:15)
  A shadow (Swamp:1)
  A water elemental (Elf:3)
  5 humans (Snake:3)
  A naga (Snake:2)
  2 boggarts (Vaults:1)
  A centaur (Vaults:1)
  An orc priest (Orc:1)
  An orc wizard (D:11)
  A gnoll (D:12)
  An orc (Orc:2)
  A fungus (D:10)
  4 plants
  A starspawn tentacle (Abyss:2)
28 creatures vanquished.

Grand Total: 1458 creatures vanquished

Notes
Turn   | Place    | Note
-------+----------+-------------------------------------------
     0 | D:1      | emperorscorpion the Gargoyle Fighter began the quest for the Orb.
     0 | D:1      | Reached XP level 1. HP: 14/14 MP: 1/1
    56 | D:1      | Reached XP level 2. HP: 18/19 MP: 2/2
   344 | D:1      | Reached XP level 3. HP: 23/23 MP: 3/3
  1144 | D:2      | Noticed Sigmund
  1182 | D:2      | Killed Sigmund
  1182 | D:2      | Reached skill level 4 in Shields
  1182 | D:2      | Reached XP level 4. HP: 19/29 MP: 1/4
  1182 | D:2      | Reached XP level 5. HP: 22/33 MP: 1/5
  1837 | D:3      | Reached XP level 6. HP: 38/38 MP: 6/6
  2118 | D:3      | You fall through a shaft!
  2245 | D:3      | Found a glowing drain.
  2261 | Sewer    | Entered a sewer
  3216 | D:3      | Found a shadowy altar of Dithmenos.
  3423 | D:4      | Reached skill level 5 in Shields
  3662 | D:4      | Reached XP level 7. HP: 43/43 MP: 7/7
  3874 | D:4      | Noticed Edmund
  3898 | D:4      | Killed Edmund
  3898 | D:4      | Reached skill level 1 in Dodging
  4081 | D:4      | Reached skill level 5 in Axes
  4315 | D:5      | Entered Level 5 of the Dungeon
  4332 | D:5      | Found an iron altar of Okawaru.
  4361 | D:4      | HP: 2/44 [orc warrior/dire flail of draining (13)]
  4362 | D:4      | Reached skill level 5 in Armour
  4362 | D:4      | Reached XP level 8. HP: 2/48 MP: 1/8
  4731 | D:5      | Reached skill level 5 in Fighting
  4892 | D:5      | Reached skill level 6 in Shields
  4970 | D:5      | Found a shimmering altar of Xom.
  5084 | D:5      | Found an iron altar of Okawaru.
  5609 | D:6      | Found a sparkling altar of Nemelex Xobeh.
  5703 | D:6      | Found a hide-covered altar of Uskayaw.
  5875 | D:6      | Found a staircase to the Ecumenical Temple.
  5896 | Temple   | Entered the Ecumenical Temple
  6090 | Temple   | Became a worshipper of Zin the Law-Giver
  6090 | Temple   | Reached * piety under Zin
  6090 | Temple   | Reached ** piety under Zin
  6252 | D:6      | Found a hazy altar of Hepliaklqana.
  6751 | D:7      | Reached XP level 9. HP: 54/54 MP: 9/9
  6821 | D:7      | Reached skill level 1 in Stealth
  6841 | D:7      | Identified the Almanac of Floating Snow
  6929 | D:7      | Found a radiant altar of Vehumet.
  7098 | D:7      | Found a stormy altar of Qazlal.
  7186 | D:8      | Noticed a two-headed ogre
  7202 | D:8      | Killed a two-headed ogre
  7202 | D:8      | Reached skill level 7 in Shields
  7645 | D:8      | Noticed Joseph
  7679 | D:8      | Killed Joseph
  7679 | D:8      | Reached XP level 10. HP: 51/61 MP: 10/10
  7750 | D:8      | Reached *** piety under Zin
  8171 | D:9      | Noticed a two-headed ogre
  8186 | D:9      | Found a runed gate.
  8186 | D:9      | Noticed vineage's ghost (novice FoFi)
  8190 | D:9      | Noticed a two-headed ogre
  8211 | D:9      | Killed a two-headed ogre
  8211 | D:9      | Reached skill level 8 in Shields
  8841 | D:9      | Killed a two-headed ogre
  8841 | D:9      | Reached skill level 1 in Throwing
  8893 | D:9      | Noticed Grum
  8960 | D:9      | Reached skill level 10 in Axes
  9065 | D:9      | Reached XP level 11. HP: 51/67 MP: 8/11
  9066 | D:9      | Killed Grum
  9066 | D:9      | Reached skill level 9 in Shields
  9203 | D:9      | Found a runed gate.
  9203 | D:9      | Found a runed gate.
  9297 | D:9      | Reached skill level 1 in Invocations
  9339 | D:9      | Found an ancient bone altar of Kikubaaqudgha.
  9663 | D:9      | Found a roughly hewn altar of Beogh.
 10105 | D:10     | Entered Level 10 of the Dungeon
 10632 | D:10     | Reached **** piety under Zin
 10691 | D:10     | Found a large runed door.
 10691 | D:10     | Found a large runed door.
 10754 | D:10     | Found Oxuytaqu's Antique Armour Shop.
 10766 | D:10     | Bought a slimy large shield for 209 gold pieces
 10776 | D:10     | Identified the +4 large shield of Zompis {Int+2} (You bought it in a shop on level 10 of the Dungeon)
 10789 | D:10     | Found a staircase to the Lair.
 11429 | D:11     | Noticed a two-headed ogre
 11429 | D:11     | Noticed a manticore
 11431 | D:11     | Noticed a seven-headed hydra
 11446 | D:11     | Killed a two-headed ogre
 11446 | D:11     | Reached skill level 10 in Shields
 12354 | D:11     | Noticed a cyclops
 12370 | D:11     | Killed a cyclops
 12387 | D:11     | Reached XP level 12. HP: 73/75 MP: 12/14
 12879 | D:12     | Reached skill level 11 in Shields
 13065 | D:12     | Noticed a two-headed ogre
 13074 | D:12     | Killed a two-headed ogre
 13218 | D:12     | Found a staircase to the Orcish Mines.
 13753 | D:11     | Reached ***** piety under Zin
 14085 | D:13     | Found Nouwkioxa's General Store.
 14278 | D:13     | Noticed a four-headed hydra
 14283 | D:13     | Noticed a two-headed ogre
 14297 | D:13     | Killed a four-headed hydra
 14301 | D:13     | Killed a two-headed ogre
 14301 | D:13     | Reached skill level 1 in Polearms
 14301 | D:13     | Reached skill level 12 in Shields
 14453 | D:13     | Noticed a two-headed ogre
 14498 | D:13     | Killed a two-headed ogre
 15225 | D:14     | Reached XP level 13. HP: 68/80 MP: 15/15
 15333 | D:14     | Noticed Louise
 15696 | D:14     | Found a gate to the Vaults.
 15696 | D:14     | Noticed a vault guard
 15696 | D:14     | Noticed a vault guard
 15696 | D:14     | Noticed a vault guard
 15696 | D:14     | Noticed a vault guard
 15726 | D:14     | Killed a vault guard
 15726 | D:14     | Reached skill level 13 in Shields
 15990 | D:14     | Cast into level 2 of the Abyss (Louise)
 16277 | Abyss:2  | Noticed an ice dragon
 16277 | Abyss:2  | a seven-headed hydra changed into an ice dragon
 16282 | Abyss:2  | Noticed a spark wasp
 16282 | Abyss:2  | an ice dragon changed into a spark wasp
 16287 | Abyss:2  | a spark wasp changed into a wolf spider
 16300 | Abyss:2  | Noticed a tentacled starspawn
 16313 | Abyss:2  | Noticed an angel
 16319 | Abyss:2  | Killed a tentacled starspawn
 16400 | Abyss:2  | Killed an angel
 16400 | Abyss:2  | Reached skill level 10 in Armour
 16553 | Abyss:2  | Reached skill level 14 in Shields
 16672 | Abyss:2  | Noticed a starcursed mass
 16694 | Abyss:2  | Killed a starcursed mass
 16696 | D:14     | Escaped the Abyss
 16717 | D:14     | Killed Louise
 16818 | D:14     | Killed a vault guard
 16927 | D:14     | Killed a vault guard
 16927 | D:14     | Gained mutation: Your large and strong wings let you fly indefinitely. [Gargoyle growth]
 16927 | D:14     | Reached XP level 14. HP: 80/86 MP: 17/17
 17040 | D:14     | Found Gozag's Platinum Reserve.
 17057 | D:14     | Found an opulent altar of Gozag.
 17123 | D:14     | Reached skill level 5 in Invocations
 17747 | D:15     | Entered Level 15 of the Dungeon
 17748 | D:15     | Noticed Nessos
 17799 | D:15     | Reached skill level 15 in Shields
 17801 | D:15     | Killed Nessos
 17873 | D:15     | Found Gitumyhi's Weapon Boutique.
 18380 | D:15     | Reached skill level 10 in Fighting
 18814 | Lair:1   | Entered Level 1 of the Lair of Beasts
 18983 | Lair:1   | Found a dark tunnel.
 18995 | Volcano  | Entered a volcano
 19615 | Lair:1   | Reached ****** piety under Zin
 19948 | Lair:1   | Reached skill level 16 in Shields
 20364 | Lair:2   | Reached XP level 15. HP: 92/92 MP: 19/19
 20754 | Lair:2   | Identified the +11 shortbow "Ilauqit" {venom, rF- rC+ MR+ Dex+5} (You found it on level 2 of the Lair of Beasts)
 20762 | Lair:2   | Reached skill level 1 in Unarmed Combat
 20762 | Lair:2   | Reached skill level 1 in Spellcasting
 20762 | Lair:2   | Reached skill level 1 in Evocations
 20762 | Lair:2   | Reached XP level 16. HP: 98/98 MP: 20/20
 20842 | Lair:2   | You are sucked into a shaft!
 20932 | Lair:3   | Noticed Urug
 20953 | Lair:3   | Killed Urug
 21958 | Lair:4   | Noticed Josephine
 21980 | Lair:4   | Killed Josephine
 22053 | Lair:4   | Found a staircase to the Snake Pit.
 22291 | Lair:4   | Found a deep blue altar of Sif Muna.
 22373 | Lair:4   | Noticed Nergalle
 22398 | Lair:4   | Reached skill level 17 in Shields
 22420 | Lair:4   | Killed Nergalle
 22545 | Lair:4   | Found a staircase to the Swamp.
 22927 | Lair:5   | Noticed Sonja
 22951 | Lair:5   | Killed Sonja
 23270 | Temple   | Fell from the grace of Zin
 23270 | Temple   | Became a worshipper of the Shining One
 23270 | Temple   | Reached * piety under the Shining One
 23270 | Temple   | Reached ** piety under the Shining One
 23270 | Temple   | Reached *** piety under the Shining One
 23400 | D:8      | Killed vineage's ghost
 23519 | Orc:1    | Entered Level 1 of the Orcish Mines
 23519 | Orc:1    | Noticed Maurice
 23538 | Orc:1    | Killed Maurice
 23810 | Orc:1    | Found Damok's Magic Scroll Emporium.
 23902 | Orc:1    | Found Vaawiveh's Antique Armour Emporium.
 24042 | Orc:1    | Found a roughly hewn altar of Beogh.
 24207 | Orc:2    | Entered Level 2 of the Orcish Mines
 24344 | Orc:2    | Found a staircase to the Elven Halls.
 24344 | Orc:2    | Reached **** piety under the Shining One
 25000 | Orc:2    | Found a roughly hewn altar of Beogh.
 25054 | Orc:2    | Found Rikeg's Jewellery Boutique.
 25054 | Orc:2    | Found Locwizxa's Antique Armour Shoppe.
 25107 | Orc:2    | Reached skill level 5 in Dodging
 25147 | Orc:2    | Found Piysuv's Antique Weapon Boutique.
 25147 | Orc:2    | Found Gooff's Gadget Shoppe.
 25343 | Orc:2    | Found a roughly hewn altar of Beogh.
 25930 | Elf:1    | Entered Level 1 of the Elven Halls
 26082 | Elf:1    | Noticed Agnes
 26093 | Elf:1    | Killed Agnes
 26331 | Elf:1    | Reached ***** piety under the Shining One
 26389 | Elf:1    | Reached XP level 17. HP: 104/104 MP: 21/21
 26394 | Elf:1    | Identified the Incunabulum of Darkness
 26941 | Elf:2    | Reached skill level 15 in Axes
 27258 | Elf:2    | Found a runed gate.
 27258 | Elf:2    | Found a runed gate.
 27259 | Elf:2    | Found a runed gate.
 27408 | Elf:2    | Identified the +9 quarterstaff "Omarup" {protect, rPois rF- rN+++ Stlth-} (You found it on level 2 of the Elven Halls)
 27570 | Elf:2    | Reached skill level 18 in Shields
 27840 | Elf:2    | Noticed a deep elf blademaster
 27870 | Elf:2    | Killed a deep elf blademaster
 29020 | Elf:3    | Entered Level 3 of the Elven Halls
 29047 | Elf:3    | Found a deep blue altar of Sif Muna.
 29723 | Elf:3    | Reached skill level 19 in Shields
 30161 | Elf:3    | Noticed a deep elf blademaster
 30195 | Elf:3    | Killed a deep elf blademaster
 30200 | Elf:3    | Noticed a deep elf blademaster
 30206 | Elf:3    | Noticed a deep elf master archer
 30207 | Elf:3    | Noticed a deep elf blademaster
 30668 | Elf:3    | Reached XP level 18. HP: 107/112 MP: 22/22
 30823 | Elf:3    | Killed a deep elf master archer
 30945 | Elf:3    | Noticed a deep elf master archer
 30959 | Elf:3    | Killed a deep elf master archer
 30963 | Elf:3    | Got a warped lead amulet
 30972 | Elf:3    | Identified the amulet of Roeg Kyleu {Acrobat Str+5} (You took it off a deep elf master archer on level 3 of the Elven Halls)
 31004 | Elf:3    | Killed a deep elf blademaster
 31366 | Elf:3    | Killed a deep elf blademaster
 31419 | Elf:3    | Reached ****** piety under the Shining One
 31420 | Elf:3    | Noticed a deep elf blademaster
 31452 | Elf:3    | Killed a deep elf blademaster
 31452 | Elf:3    | Reached skill level 20 in Shields
 31494 | Elf:3    | Identified a +7 trishula of holy wrath (a +5 demon trident blessed by the Shining One)
 31494 | Elf:3    | Received a gift from the Shining One
 31906 | Elf:3    | Identified the +10 battleaxe "Revoonemy" {distort, Str+7} (You took it off a deep elf elementalist on level 3 of the Elven Halls)
 31909 | Elf:3    | Identified the amulet "Qaif" {Acrobat rF+ MR- Int+2 Dex+2} (You took it off a deep elf annihilator on level 3 of the Elven Halls)
 33065 | Elf:3    | Identified Sif Muna's Guide on the Compass
 33097 | Elf:3    | Identified Niogaj's Reference Book on Dusty Conjuration
 33517 | Temple   | Fell from the grace of the Shining One
 33517 | Temple   | Became a worshipper of Zin the Law-Giver
 33801 | Swamp:1  | Entered Level 1 of the Swamp
 34209 | Lair:4   | Reached skill level 5 in Polearms
 34242 | Snake:1  | Entered Level 1 of the Snake Pit
 34651 | Snake:1  | Reached XP level 19. HP: 102/118 MP: 24/24
 35656 | Snake:2  | Identified the cursed +0 scale mail of the Constellations {Str+4 Dex+4} (You found it on level 2 of the Snake Pit)
 36531 | Snake:3  | Reached skill level 21 in Shields
 36674 | Snake:3  | Noticed Kirke
 36684 | Snake:3  | Killed Kirke
 37091 | Snake:4  | Entered Level 4 of the Snake Pit
 38877 | Snake:4  | Found Foir's Gadget Boutique.
 38877 | Snake:4  | Found Elobeb's Jewellery Shoppe.
 38878 | Snake:4  | Found Qotierch's Jewellery Shoppe.
 38956 | Snake:4  | Got a serpentine rune of Zot
 38966 | Snake:4  | Reached skill level 22 in Shields
 38975 | Snake:4  | Reached XP level 20. HP: 101/125 MP: 25/25
 39653 | Vaults:1 | Entered Level 1 of the Vaults
 40915 | Vaults:1 | Noticed Nikola
 40944 | Vaults:1 | Killed Nikola
 41982 | Vaults:2 | Found Idiotim's Antique Armour Shop.
 42394 | Orc:1    | Bought a pitted plate armour for 1148 gold pieces
 42404 | Orc:1    | Identified the +2 plate armour of the Archfiend {rElec MR- Dex+4} (You bought it in a shop on level 1 of the Orcish Mines)
 42492 | D:10     | Bought a steaming plate armour for 616 gold pieces
 42492 | D:10     | Identified the cursed +0 plate armour of Ukkut {rElec rN+} (You bought it in a shop on level 10 of the Dungeon)
 42565 | D:9      | Identified the +4 plate armour of Sin {+Inv rF+ MR- Int+5} (You took it off an orc priest on level 9 of the Dungeon)
 42638 | D:10     | Bought a faintly humming plate armour for 616 gold pieces
 42638 | D:10     | Identified the +1 plate armour of Whack-A-Mole {rN+ MP+9 Int+2} (You bought it in a shop on level 10 of the Dungeon)
 42934 | D:15     | Reached skill level 23 in Shields
 43151 | D:15     | Found a staircase to the Depths.
 43360 | Depths:1 | Entered Level 1 of the Depths
 44238 | Depths:1 | Found a gateway to a ziggurat.
 44396 | Depths:1 | Reached XP level 21. HP: 75/132 MP: 26/26
 44650 | Depths:1 | HP: 1/132 [tengu reaver/bolt of lightning (11)]
 44650 | Depths:1 | Zin protects you from harm!
 45829 | Depths:1 | Reached skill level 24 in Shields
 45966 | Depths:1 | Identified the Incunabulum of Burning Snow
 45982 | Depths:1 | Reached skill level 15 in Fighting
 46023 | Depths:1 | Found a runed door.
 46025 | Depths:1 | Noticed galech's ghost (adept DsBe)
 46700 | Depths:1 | Found a gateway to Hell.
 46875 | Depths:1 | Killed galech's ghost
 47023 | Depths:2 | Found a one-way gate to the infinite horrors of the Abyss.
 47024 | Depths:2 | Found a magical portal.
 47074 | WizLab   | Entered The Chambers of the Cloud Mage
 48747 | WizLab   | Got a pitted bone ring
 48748 | WizLab   | Identified the ring of Issugous {rC- rN+ EV+2 Str+3} (You found it in a wizard's laboratory)
 48750 | WizLab   | Identified the Volume of Lightness
 49100 | Depths:2 | Found a one-way gate leading to the halls of Pandemonium.
 49295 | Depths:2 | Reached XP level 22. HP: 120/140 MP: 27/27
 49367 | Depths:2 | Found a shattered altar of Ashenzari.
 49575 | Depths:2 | Identified the +5 morningstar of Jaryen {pain, rElec rF+ Dex+2} (You found it on level 2 of the Depths)
 49953 | Depths:2 | Reached skill level 25 in Shields
 50184 | Depths:2 | Found the +4 dagger "Morg" {pain, MR+ Int+5}
 50228 | Depths:3 | Noticed Margery
 50271 | Depths:3 | Killed Margery
 50281 | Depths:3 | Noticed a juggernaut
 50284 | Depths:3 | Upgraded the game from 0.23-a0-115-g8d3be6a to 0.23-a0-119-ga86c9e7
 50326 | Depths:3 | Killed a juggernaut
 50345 | Depths:3 | Killed from afar by a hell knight

Vault maps used:
D:1:      eino_arrival_tree_alley
D:2:      first_ration, hex_large, roderic_nine_men_s_morris, uniq_sigmund
D:3:      marbit_many_paths, portal_sewer_entry_c, minmay_item_behind_shaft
D:4:      serial_forest, infiniplex_forest_straight_1,
          infiniplex_forest_straight_5, infiniplex_forest_clump_medium,
          infiniplex_forest_diagonal, infiniplex_forest_clump_small,
          infiniplex_forest_lined_2, infiniplex_forest_straight_4,
          infiniplex_forest_clump_curved, uniq_edmund
D:5:      old_standard_altar, nicolae_overflow_crystal_walls, okawaru_trees_1
D:6:      eat_drink_and_be_merry_uskayaw, kennysheep_little_box,
          nemelex_xobeh_ov_fountains_minmay, minmay_temple_entry_overgrown
D:7:      nicolae_qazlal_eye_of_the_storm, vehumet_crystals
D:8:      uniq_joseph
D:9:      lemuel_mausoleum_altar_kikubaaqudgha, biasface_ghost_orc_armoury,
          uniq_grum
D:10:     grunt_lair_entry_orc_guard_hut, serial_shops, shop,
          lightli_elemental_guards
D:11:     hangedman_little_slice_of_home, lightli_orcish_oven
D:12:     orc_0_dummy
D:13:     serial_shops, nicolae_shop_statue_plus
D:14:     lightli_vaults_fourway_checkpoint, nicolae_gozag_zags_fifth_avenue,
          uniq_louise
D:15:     hangedman_depths_entry_civil_slaughter, serial_shops,
          nicolae_shop_statue_plus, minmay_misc_feat_tiny, uniq_nessos
Temple:   nicolae_temple_figure_eight
Lair:1:   nicolae_volcano_entry_s_turn, grunt_megastairs_3
Lair:2:   lemuel_old_faithful
Lair:3:   beast_lair_carwin_10, grunt_megastairs_2, lemuel_fruit_fields,
          infiniplex_staircase_pool_2, lemuel_fruit_fields, uniq_urug
Lair:4:   nicolae_swamp_entry_splash_gauntlet,
          minmay_snake_entry_guardpost_small, lemuel_centaur_altar,
          uniq_nergalle, uniq_josephine
Lair:5:   ebering_ghost_xom, grunt_megastairs_4, uniq_sonja
Swamp:1:  evilmike_swamp_ruin_rubble_1
Snake:1:  serial_bayou_shore_a, serial_bayou_shore_b
Snake:2:  lemuel_fruit_tree
Snake:3:  uniq_kirke, uniq_asterion
Snake:4:  snake_pit, minmay_shop_grove, basic_stair_grate_trap
Orc:1:    serial_shops, nicolae_shop_trees, shop, portal_ice_cave_entry_imps,
          minmay_orc_temple_a, uniq_maurice
Orc:2:    st_orc_town, lemuel_statue_altar
Elf:1:    elf_arrival_002, minmay_elf_necromancy, uniq_agnes
Elf:3:    minmay_elf_hall_hex, basic_altar
Vaults:1: ontoclasm_vaults_decontamination, nicolae_vaults_circle_grid_b,
          vaults_standard_mumra_lines, v_alt_pattern_1,
          ontoclasm_vaults_ring_square, vaults_dpeg_spiral,
          dpeg_vaults_monster_box, vaults_mumra_minichess, vaults_mumra_hex,
          uniq_nikola
Vaults:2: ontoclasm_vaults_ring_small, v_alt_pattern_3, hangedman_vaults_corner,
          nicolae_vaults_little_squares_1, nicolae_vaults_diagonal_hallway_7,
          vaults_room_pools, ontoclasm_vaults_bender,
          nicolae_vaults_branching_niches, v_misc_31, v_misc_3, serial_shops,
          nicolae_shop_trees
Depths:1: enter_ziggurat_f, minmay_misc_feat_ornament, grunt_hell_horde,
          ebering_ghost_reflecting_pool, minmay_the_grid_square_5x5_3x3_mashed,
          infiniplex_staircase_pool_lava, serial_bayou_shore_b
Depths:2: minmay_haunted_quarter, mu_enter_wizlab_1, special_room, pan_entry,
          hell_entry, abyss_entry, ashenzari_altar_1
Depths:3: hourglass_vault, rand_demon_pan_entry_5, abyss_entry,
          grunt_hell_entry_dis_old, infiniplex_staircase_diamond, uniq_margery,
          uniq_jory, uniq_sojobo
Sewer:    sewer_fruit_machine
Volcano:  volcano_village
WizLab:   wizlab_cloud

Skill      XL: |  1  2  3  4  5  6  7  8  9 10 11 12 13 14 15 16 17 18 19 20 21 22 |
---------------+-------------------------------------------------------------------+-----
Axes           | 2 3 4 5 7 8 10 11 12 13 14 15 16 | 16.2
Armour         | 4 5 6 7 8 9 10 11 12 | 12.5
Shields        | 4 5 6 7 8 10 12 14 16 17 19 20 22 23 24 25 | 25.0
Fighting       | 4 5 6 7 8 9 10 11 12 13 14 15 16 | 16.1
Dodging        | 1 2 3 4 5 6 7 |  7.2
Stealth        | 1 2 |  2.0
Throwing       | 1 2 |  2.5
Invocations    | 3 4 5 6 7 |  7.7
Polearms       | 1 2 5 7 8 9 |  9.6
Unarmed Combat | 1 |  1.2
Spellcasting   | 1 |  1.1
Evocations     | 1 2 |  2.0

Action                   |  1- 3 |  4- 6 |  7- 9 | 10-12 | 13-15 | 16-18 | 19-21 | 22-24 || total
-------------------------+-------+-------+-------+-------+-------+-------+-------+-------++-------
Melee: War axe           |    78 |       |       |   643 |   639 |       |       |       ||  1360
       Hand axe          |    47 |   163 |   349 |   451 |       |       |       |       ||  1010
       Trident           |       |       |       |    15 |    14 |     9 |       |       ||    38
       Broad axe         |       |       |       |       |   263 |  1431 |  1310 |    16 ||  3020
       Trishula          |       |       |       |       |       |   338 |   946 |   196 ||  1480
 Fire: Blowgun           |       |       |       |       |       |       |     5 |     4 ||     9
Throw: Tomahawk          |       |       |       |    18 |       |       |       |       ||    18
       Throwing net      |       |       |       |     1 |     1 |       |     1 |       ||     3
       Javelin           |       |       |       |       |       |     7 |       |       ||     7
Invok: Recite            |       |       |       |    28 |    24 |     6 |    28 |     3 ||    89
       Vitalisation      |       |       |       |       |     3 |       |       |       ||     3
       Divine Shield     |       |       |       |       |       |     1 |       |       ||     1
       Cleansing Flame   |       |       |       |       |       |     4 |       |       ||     4
       Brand Weapon With |       |       |       |       |       |     1 |       |       ||     1
 Abil: Fly               |       |       |       |       |     1 |       |     1 |       ||     2
       Stop Flying       |       |       |       |       |       |       |     1 |       ||     1
Evoke: Wand              |       |       |       |     4 |     2 |    12 |     1 |       ||    19
       Lamp of fire      |       |       |       |       |     1 |     1 |     1 |       ||     3
       Sack of spiders   |       |       |       |       |       |       |     2 |       ||     2
       Phial of floods   |       |       |       |       |       |       |     1 |     1 ||     2
  Use: Scroll            |       |     8 |       |     5 |    12 |    24 |    22 |     1 ||    72
       Potion            |       |     5 |       |     1 |    10 |     3 |     1 |       ||    20
 Stab: Confused          |       |       |       |     2 |     5 |     4 |     5 |       ||    16
       Paralysed         |       |       |       |     1 |       |       |     1 |       ||     2
       Invisible         |       |       |       |       |     4 |       |     2 |       ||     6
       Held in net/web   |       |       |       |       |       |       |     1 |       ||     1
  Eat: Chunk             |     1 |     9 |    12 |    19 |     6 |    39 |    12 |       ||    98
       Ration            |       |       |       |     3 |     4 |     2 |    11 |     1 ||    21
Armor: Scale mail        |    84 |     3 |       |     9 |   305 |   401 |   349 |       ||  1151
       Chain mail        |       |   105 |   155 |   485 |       |       |       |       ||   745
       Plate armour      |       |       |       |       |       |       |   320 |    47 ||   367
Dodge: Dodged            |    54 |    40 |    57 |   133 |   163 |   227 |   361 |    21 ||  1056
Block: Shield            |    70 |   102 |   161 |   243 |       |       |       |       ||   576
       Large shield      |       |       |       |   617 |   944 |  1709 |  2458 |   163 ||  5891

Table legend:
 A = Non-vault XP
 B = Vault XP
 C = Vault XP percentage of total XP
 D = Non-vault monster count
 E = Vault monster count
 F = Vault count percentage of total count
                 A         B        C        D         E       F
            +---------+---------+-------+---------+---------+-------
      Total |  342511 |  249850 |  42.2 |     972 |     465 |  32.4
            +---------+---------+-------+---------+---------+-------
        D:1 |      64 |       0 |   0.0 |      31 |       0 |   0.0
        D:2 |      36 |     208 |  85.2 |      15 |       1 |   6.2
        D:3 |      57 |      37 |  39.4 |      16 |       8 |  33.3
        D:4 |     450 |     171 |  27.5 |      13 |       1 |   7.1
        D:5 |     830 |       0 |   0.0 |      25 |       0 |   0.0
        D:6 |     361 |       0 |   0.0 |       7 |       0 |   0.0
        D:7 |     588 |       0 |   0.0 |      18 |       0 |   0.0
        D:8 |    2227 |    1443 |  39.3 |      24 |       3 |  11.1
        D:9 |    5032 |    1462 |  22.5 |      47 |      26 |  35.6
       D:10 |     870 |    1623 |  65.1 |       7 |      10 |  58.8
       D:11 |    3815 |     555 |  12.7 |      35 |      15 |  30.0
       D:12 |    6620 |       0 |   0.0 |      39 |       0 |   0.0
       D:13 |    6429 |       0 |   0.0 |      24 |       0 |   0.0
       D:14 |   13683 |    8454 |  38.2 |      41 |      13 |  24.1
       D:15 |   21916 |    5373 |  19.7 |      50 |       7 |  12.3
     Lair:1 |    3149 |     137 |   4.2 |      17 |       1 |   5.6
     Lair:2 |    3997 |       0 |   0.0 |      20 |       0 |   0.0
     Lair:3 |    4786 |    2192 |  31.4 |      16 |       8 |  33.3
     Lair:4 |    9234 |    5083 |  35.5 |      22 |      20 |  47.6
     Lair:5 |     817 |     820 |  50.1 |       3 |       1 |  25.0
    Swamp:1 |    7405 |       0 |   0.0 |      20 |       0 |   0.0
    Snake:1 |   14664 |       0 |   0.0 |      35 |       0 |   0.0
    Snake:2 |   12589 |       0 |   0.0 |      32 |       0 |   0.0
    Snake:3 |   10219 |    2005 |  16.4 |      18 |       1 |   5.3
    Snake:4 |   23305 |   27262 |  53.9 |      42 |      43 |  50.6
      Orc:1 |    2795 |     682 |  19.6 |      21 |      17 |  44.7
      Orc:2 |    2245 |    9891 |  81.5 |      32 |      67 |  67.7
      Elf:1 |    3582 |    7642 |  68.1 |       6 |      15 |  71.4
      Elf:2 |   15490 |   22988 |  59.7 |      24 |      27 |  52.9
      Elf:3 |   23954 |   57647 |  70.6 |      40 |      38 |  48.7
   Vaults:1 |   28517 |   17525 |  38.1 |      90 |      22 |  19.6
   Vaults:2 |   10344 |       0 |   0.0 |      12 |       0 |   0.0
   Depths:1 |   49609 |   25221 |  33.7 |      58 |      28 |  32.6
   Depths:2 |   30769 |   23592 |  43.4 |      46 |      31 |  40.3
   Depths:3 |   11951 |    5845 |  32.8 |       4 |       2 |  33.3
    Abyss:2 |   10112 |       0 |   0.0 |      22 |       0 |   0.0
      Sewer |       0 |      69 | 100.0 |       0 |      22 | 100.0
    Volcano |       0 |    3504 | 100.0 |       0 |       8 | 100.0
     WizLab |       0 |   18419 | 100.0 |       0 |      30 | 100.0
            +---------+---------+-------+---------+---------+-------
